 Dungeon Sprint DCSS version 0.28.0-45-g0d030f2227 (webtiles) character file.

Game seed: 3993918313361162987

711 McKennaii the Protected (level 7, -6/70 HPs)
             Began as a Demigod Fighter on Apr 18, 2022.
             Mangled by a neqoxec (8 damage)
             ... in the Dungeon (Sprint II: "The Violet Keep of Menkaure").
             The game lasted 00:00:51 (577 turns).

McKennaii the Protected (Demigod Fighter)            Turns: 577, Time: 00:00:51

Health: -6/70      AC:  5    Str: 23    XL:     7   Next: 17%
Magic:  9/9        EV:  9    Int: 10    God:
Gold:   486        SH:  4    Dex: 13    Spells: 6/6 levels left

rFire   . . .      SeeInvis .   a - +0 trident
rCold   . . .      Faith    .   c - +0 buckler
rNeg    . . .      Spirit   .   b - +0 scale mail
rPois   .          Reflect  .   (no helmet)
rElec   .          Harm     .   (no cloak)
rCorr   .          Rampage  .   (no gloves)
Will    .....      NoTele   +   (no boots)
Stlth   ..........              (no amulet)
HPRegen 0.21/turn               (no ring)
MPRegen 0.11/turn               (no ring)

@: no status effects
A: high MP 1, forlorn, divine attributes, deformed body, weak 1
a: no special abilities


You were in the Dungeon.
You visited 1 branch You collected 486 gold pieces.

Inventory:

Hand Weapons
 a - a +0 trident (weapon)
Armour
 b - a +0 scale mail (worn)
 c - a +0 buckler (worn)
Scrolls
 j - a scroll of blinking
Potions
 d - a potion of might
 e - a potion of curing
 f - a potion of heal wounds
 g - a potion of haste
 h - 2 potions of magic
 i - a potion of berserk rage


   Skills:
 + Level 9.1 Fighting
 + Level 8.8 Polearms
 + Level 9.1 Armour
 - Level 2.6 Shields


You had 6 spell levels left.
You didn't know any spells.
Your spell library was empty.

Dungeon Overview and Level Annotations

Branches:
Dungeon (1/1)

Annotations:
D exclusion: ice statue


Innate Abilities, Weirdness & Mutations

You have an increased reservoir of magic. (+10% MP)
You shall have no god before yourself.
Your divine heritage dramatically boosts your attributes as you level up.
Armour fits poorly on your strangely shaped body.
You are weak. (Str -2)


Message History

You hit the neqoxec.
The neqoxec is heavily wounded.
The neqoxec hits you.
Unknown command.
You miss the neqoxec.
The neqoxec is heavily wounded.
The neqoxec hits you!
Unknown command.
You barely miss the neqoxec.
The neqoxec is heavily wounded.
The neqoxec closely misses you.
Unknown command.
You closely miss the neqoxec.
The neqoxec is heavily wounded.
Unknown command.
You hit the neqoxec.
The neqoxec is heavily wounded.
The neqoxec barely misses you.
You hit the neqoxec.
The neqoxec is severely wounded.
The neqoxec gestures at you.
Something tries to feed on your intellect!
You hit the neqoxec.
The neqoxec is severely wounded.
The neqoxec closely misses you.
You barely miss the neqoxec.
The neqoxec is severely wounded.
The neqoxec hits you but does no damage.
You puncture the neqoxec!
You kill the neqoxec!
You feel your intelligence returning.
Your Fighting skill increases to level 9!
Your Armour skill increases to level 9!
You have reached level 7!
You barely miss the neqoxec. The neqoxec hits you!
* * * LOW HITPOINT WARNING * * *
You closely miss the neqoxec. The neqoxec hits you!
* * * LOW HITPOINT WARNING * * *
You barely miss the neqoxec. The neqoxec hits you!
You die...

≈≈≈.........#
##+## ##.#.#
#..##.#
####..###
##.###'#
#...##.##
+.#.'.<.+
#.).##@##
##.###3# ###
.## .# ##


You could see a neqoxec.

Vanquished Creatures
  A merfolk siren (D)
  3 neqoxecs (D)
  3 worms (D)
7 creatures vanquished.

Vanquished Creatures (others)
  A water moccasin (D)
1 creature vanquished.

Grand Total: 8 creatures vanquished

Notes
Turn   | Place    | Note
-------+----------+-------------------------------------------
     0 | D        | McKennaii the Demigod Fighter began the quest for the Orb.
     0 | D        | Reached XP level 1. HP: 18/18 MP: 3/3
    79 | D        | Killed a water moccasin
   225 | D        | Noticed an ice statue
   234 | D        | Reached XP level 2. HP: 12/26 MP: 4/4
   410 | D        | Noticed a merfolk siren
   436 | D        | Killed a merfolk siren
   437 | D        | Reached XP level 3. HP: 25/39 MP: 5/5
   437 | D        | Reached XP level 4. HP: 30/47 MP: 6/6
   437 | D        | Reached XP level 5. HP: 33/52 MP: 7/7
   437 | D        | Reached XP level 6. HP: 38/60 MP: 8/8
   546 | D        | Noticed a neqoxec
   546 | D        | Noticed a neqoxec
   549 | D        | Noticed a neqoxec
   552 | D        | Killed a neqoxec
   556 | D        | Noticed a neqoxec
   559 | D        | Gained mutation: You are weak. (Str -2) [a neqoxec]
   561 | D        | Killed a neqoxec
   565 | D        | Gained mutation: Armour fits poorly on your strangely
                  | shaped body. [a neqoxec]
   574 | D        | Killed a neqoxec
   575 | D        | Reached XP level 7. HP: 24/70 MP: 9/9
   576 | D        | HP: 1/70 [neqoxec (11)]
   577 | D        | Mangled by a neqoxec

Illustrated notes

Levels and vault maps discovered:
D:        the_violet_keep_of_menkaure [sprint2_stairs_cluster_1,
          sprint2_shoproom, sprint2_temple, sprint2_basic_supplies,
          sprint2_obstacle_5, sprint2_obstacle_7, sprint2_obstacle_2,
          sprint2_obstacle_4, sprint2_obstacle_1, sprint2_timed_cluster_1,
          sprint2_smallroom_cluster_1, sprint2_smallroom_final_cluster_1,
          sprint2_transparent_cluster_1, sprint2_second_timed_cluster_1,
          sprint2_sniper_area_1, sprint2_heavy_combat_area_1,
          sprint2_mutation_trap_area_1, sprint2_forest_area_1,
          sprint2_light_combat_area_1, sprint2_behind_water_1,
          sprint2_near_end_vault_1]

Skill      XL: |  1  2  3  4  5  6 |
---------------+-------------------+-----
Fighting       | 3 7 9 |  9.1
Polearms       | 2 7 8 |  8.8
Armour         | 3 7 9 |  9.1
Shields        | |  2.6

Action                   |  1- 3 |  4- 6 |  7- 9 || total
-------------------------+-------+-------+-------++-------
Melee: Trident           |    45 |    28 |     3 ||    76
Armor: Scale mail        |     4 |     3 |       ||     7
Dodge: Dodged            |     6 |     4 |       ||    10
Block: Buckler           |     3 |       |       ||     3
